TOP OF THE 1ST |
Lake Elsinore Storm batting - Pitching for Bradenton Marauders : LHP Grady Hebert
|
Pitching: LHP Grady Hebert
|
|
Batting: LHB Ramon Vega
|
0-0: Ball 1-0: Foul Ball, location: 2F 1-1: Ball 2-1: Ball 3-1: Base on Balls
|
Batting: SHB Yutaro Takahashi
|
0-0: Ball 1-0: Foul Ball, location: 2F 1-1: Ball 2-1: Swinging Strike 2-2: Ball 3-2: Strikes out swinging Ramon Vega is caught stealing 2nd base 2-4 Batter strikes out.
|
Batting: RHB Bryan Pitcher
|
0-0: Ball 1-0: Ground out 4-3 (Groundball, 4, EV 83.1 MPH)
|
Top of the 1st over - 0 runs, 0 hits, 0 errors, 0 left on base; Lake Elsinore 0 - Bradenton 0 |
BOTTOM OF THE 1ST |
Bradenton Marauders batting - Pitching for Lake Elsinore Storm : RHP Liam Tate
|
Pitching: RHP Liam Tate
|
|
Batting: LHB Joe Hoover
|
0-0: Called Strike 0-1: Bunt for hit to 15S - play at first, batter OUT! 1-3
|
Batting: LHB Carlos Vega
|
0-0: Ball 1-0: Ball 2-0: Foul Ball, location: 2F 2-1: Foul Ball, location: 2F 2-2: Foul Ball, location: 2F 2-2: Ball 3-2: SINGLE (Groundball, 4MS, EV 68.8 MPH) (infield hit)
|
Batting: RHB Zach Chmieleski
|
0-0: Ball 1-0: Foul Ball, location: 2F 1-1: Swinging Strike 1-2: Strikes out swinging
|
Batting: RHB Ron Corn
|
0-0: Ball 1-0: Fielders Choice at 2nd, 6-4 (Groundball, 6, EV 111.9 MPH)
|
Bottom of the 1st over - 0 runs, 1 hit, 0 errors, 1 left on base; Lake Elsinore 0 - Bradenton 0 |
TOP OF THE 2ND |
Lake Elsinore Storm batting - Pitching for Bradenton Marauders : LHP Grady Hebert
|
Batting: RHB Hector Fernandez
|
0-0: Called Strike 0-1: Ground out 6-3 (Groundball, 6, EV 83.8 MPH)
|
Batting: LHB Hugo MacBeth
|
0-0: Called Strike 0-1: Ball 1-1: Ball 2-1: Ground out U3 (Groundball, 3, EV 108.1 MPH)
|
Batting: SHB Isaiah Scates
|
0-0: Called Strike 0-1: SINGLE (Groundball, 34S, EV 68.8 MPH) (infield hit)
|
Batting: RHB Brian DeVoe
|
0-0: Called Strike 0-1: Ball 1-1: Called Strike 1-2: Ball 2-2: Foul Ball, location: 2F 2-2: Fielders Choice at 2nd, U4 (Groundball, 4M, EV 80.0 MPH)
|
Top of the 2nd over - 0 runs, 1 hit, 0 errors, 1 left on base; Lake Elsinore 0 - Bradenton 0 |
BOTTOM OF THE 2ND |
Bradenton Marauders batting - Pitching for Lake Elsinore Storm : RHP Liam Tate
|
Batting: LHB Brandon Sarni
|
0-0: Swinging Strike 0-1: Ball 1-1: SINGLE (Groundball, 4MD, EV 99.4 MPH)
|
Batting: RHB John Goynes
|
0-0: SINGLE (Line Drive, 6D, EV 95.6 MPH) Brandon Sarni to second
|
Batting: RHB Alain Marquet
|
0-0: Fly out, F8 (Line Drive, 8LM, EV 91.2 MPH)
|
Batting: RHB Pleun Smit
|
0-0: Ball 1-0: Ball 2-0: Called Strike 2-1: Called Strike 2-2: Ball 3-2: Fly out, F7 (Flyball, 7LSF, EV 96.2 MPH)
|
Batting: SHB Juan Ayala
|
0-0: Ball 1-0: Fielders Choice at 2nd, 6-4 (Groundball, 6, EV 85.6 MPH)
|
Bottom of the 2nd over - 0 runs, 2 hits, 0 errors, 2 left on base; Lake Elsinore 0 - Bradenton 0 |
TOP OF THE 3RD |
Lake Elsinore Storm batting - Pitching for Bradenton Marauders : LHP Grady Hebert
|
Batting: RHB Max Stillo
|
0-0: Ball 1-0: Fly out, F8 (Flyball, 8LM, EV 86.2 MPH)
|
Batting: LHB Conor Barron
|
0-0: Called Strike 0-1: Swinging Strike 0-2: Ball 1-2: Ground out 4-3 (Groundball, 4, EV 80.6 MPH)
|
Batting: LHB Ramon Vega
|
0-0: Foul Ball, location: 2F 0-1: Ground out U3 (Groundball, 3S, EV 64.4 MPH)
|
Top of the 3rd over - 0 runs, 0 hits, 0 errors, 0 left on base; Lake Elsinore 0 - Bradenton 0 |
BOTTOM OF THE 3RD |
Bradenton Marauders batting - Pitching for Lake Elsinore Storm : RHP Liam Tate
|
Batting: LHB Joe Hoover
|
0-0: Called Strike 0-1: Ball 1-1: DOUBLE (Line Drive, 89D, EV 106.2 MPH)
|
Batting: LHB Carlos Vega
|
0-0: SINGLE (Groundball, 56D, EV 104.4 MPH) Joe Hoover to third
|
Batting: RHB Zach Chmieleski
|
0-0: Called Strike Carlos Vega is caught stealing 2nd base 2-4 0-1: Ball 1-1: Called Strike 1-2: Ball 2-2: Strikes out swinging
|
Batting: RHB Ron Corn
|
0-0: Called Strike 0-1: Ball 1-1: Foul Ball, location: 2F 1-2: Fly out, F9 (Flyball, 9LS, EV 87.5 MPH)
|
Bottom of the 3rd over - 0 runs, 2 hits, 0 errors, 1 left on base; Lake Elsinore 0 - Bradenton 0 |
TOP OF THE 4TH |
Lake Elsinore Storm batting - Pitching for Bradenton Marauders : LHP Grady Hebert
|
Batting: SHB Yutaro Takahashi
|
0-0: Ball 1-0: Foul Ball, location: 2F 1-1: Swinging Strike 1-2: Ball 2-2: Foul Ball, location: 2F 2-2: Ball 3-2: Base on Balls
|
Batting: RHB Bryan Pitcher
|
0-0: Ball Yutaro Takahashi steals 2nd base 1-0: Hit by Pitch
|
Batting: RHB Hector Fernandez
|
0-0: Ball 1-0: Ball Yutaro Takahashi steals 3rd base 2-0: Called Strike 2-1: Swinging Strike 2-2: Hit by Pitch Bryan Pitcher to second
|
Batting: LHB Hugo MacBeth
|
0-0: Swinging Strike 0-1: Swinging Strike 0-2: Foul Ball, location: 2F 0-2: Strikes out swinging
|
Batting: SHB Isaiah Scates
|
0-0: Foul Ball, location: 2F 0-1: Called Strike 0-2: Foul Ball, location: 2F 0-2: Ball 1-2: Ball 2-2: Ball 3-2: Base on Balls Yutaro Takahashi scores Bryan Pitcher to third Hector Fernandez to second
|
Batting: RHB Brian DeVoe
|
0-0: Ball 1-0: Called Strike 1-1: Called Strike 1-2: Strikes out swinging
|
Batting: RHB Max Stillo
|
0-0: Ball 1-0: Foul Ball, location: 2F 1-1: Foul Ball, location: 2F 1-2: Foul Ball, location: 2F 1-2: Foul Ball, location: 2F 1-2: Ball 2-2: Fielders Choice at 2nd, 5-4 (Groundball, 56, EV 110.0 MPH)
|
Top of the 4th over - 1 run, 0 hits, 0 errors, 3 left on base; Lake Elsinore 1 - Bradenton 0 |
BOTTOM OF THE 4TH |
Bradenton Marauders batting - Pitching for Lake Elsinore Storm : RHP Liam Tate
|
Batting: LHB Brandon Sarni
|
0-0: Foul Ball, location: 2F 0-1: Swinging Strike 0-2: Ball 1-2: Foul Ball, location: 2F 1-2: Ball 2-2: Foul Ball, location: 2F 2-2: Strikes out swinging
|
Batting: RHB John Goynes
|
0-0: Ball 1-0: Foul Ball, location: 2F 1-1: Foul Ball, location: 2F 1-2: Strikes out looking
|
Batting: RHB Alain Marquet
|
0-0: Ground out 5-3 (Groundball, 56S, EV 82.5 MPH)
|
Bottom of the 4th over - 0 runs, 0 hits, 0 errors, 0 left on base; Lake Elsinore 1 - Bradenton 0 |
TOP OF THE 5TH |
Lake Elsinore Storm batting - Pitching for Bradenton Marauders : LHP Grady Hebert
|
Batting: LHB Conor Barron
|
0-0: Called Strike 0-1: Foul Ball, location: 2F 0-2: Foul Ball, location: 2F 0-2: Foul Ball, location: 2F 0-2: Strikes out swinging
|
Batting: LHB Ramon Vega
|
0-0: Ball 1-0: Ground out 2-3 (Groundball, 2L, EV 65.0 MPH)
|
Batting: SHB Yutaro Takahashi
|
0-0: Ball 1-0: Ground out 6-3 (Groundball, 6, EV 80.6 MPH)
|
Top of the 5th over - 0 runs, 0 hits, 0 errors, 0 left on base; Lake Elsinore 1 - Bradenton 0 |
BOTTOM OF THE 5TH |
Bradenton Marauders batting - Pitching for Lake Elsinore Storm : RHP Liam Tate
|
Batting: RHB Pleun Smit
|
0-0: Called Strike 0-1: Ball 1-1: Swinging Strike 1-2: Foul Ball, location: 2F 1-2: Strikes out swinging
|
Batting: SHB Juan Ayala
|
0-0: Ball 1-0: Ground out 6-3 (Groundball, 6S, EV 69.4 MPH)
|
Batting: LHB Joe Hoover
|
0-0: Ball 1-0: Ball 2-0: Ground out U3 (Groundball, 34D, EV 110.6 MPH)
|
Bottom of the 5th over - 0 runs, 0 hits, 0 errors, 0 left on base; Lake Elsinore 1 - Bradenton 0 |
TOP OF THE 6TH |
Lake Elsinore Storm batting - Pitching for Bradenton Marauders : LHP Grady Hebert
|
Batting: RHB Bryan Pitcher
|
0-0: Ball 1-0: Foul Ball, location: 2F 1-1: Foul Ball, location: 2F 1-2: Ball 2-2: Ball 3-2: Fly out, F4 (Popup, 4D, EV 46.2 MPH)
|
Batting: RHB Hector Fernandez
|
0-0: Swinging Strike 0-1: Foul Ball, location: 2F 0-2: Strikes out swinging
|
Batting: LHB Hugo MacBeth
|
0-0: Called Strike 0-1: Ball 1-1: Called Strike 1-2: Ball 2-2: Fly out, F7 (Line Drive, 7S, EV 108.1 MPH)
|
Top of the 6th over - 0 runs, 0 hits, 0 errors, 0 left on base; Lake Elsinore 1 - Bradenton 0 |
BOTTOM OF THE 6TH |
Bradenton Marauders batting - Pitching for Lake Elsinore Storm : RHP Liam Tate
|
Batting: LHB Carlos Vega
|
0-0: Ball 1-0: Ground out U3 (Groundball, 3, EV 79.4 MPH)
|
Batting: RHB Zach Chmieleski
|
0-0: Called Strike 0-1: DOUBLE (Groundball, 5L, EV 95.0 MPH)
|
Batting: RHB Ron Corn
|
0-0: Ball 1-0: Swinging Strike 1-1: Ball 2-1: Called Strike 2-2: Strikes out swinging
|
Batting: LHB Brandon Sarni
|
0-0: Called Strike 0-1: Called Strike 0-2: Ground out 5-3 (Groundball, 25, EV 83.1 MPH)
|
Bottom of the 6th over - 0 runs, 1 hit, 0 errors, 1 left on base; Lake Elsinore 1 - Bradenton 0 |
TOP OF THE 7TH |
Lake Elsinore Storm batting - Pitching for Bradenton Marauders : LHP Grady Hebert
|
Batting: SHB Isaiah Scates
|
0-0: Called Strike 0-1: Ball 1-1: Fly out, F5 (Popup, 56, EV 69.4 MPH)
|
Batting: RHB Brian DeVoe
|
0-0: Called Strike 0-1: Ball 1-1: Foul Ball, location: 2F 1-2: Ball 2-2: Ground out 4-3 (Groundball, 4, EV 100.0 MPH)
|
Batting: RHB Max Stillo
|
0-0: Ball 1-0: Foul Ball, location: 2F 1-1: Ball 2-1: Swinging Strike 2-2: Strikes out swinging
|
Top of the 7th over - 0 runs, 0 hits, 0 errors, 0 left on base; Lake Elsinore 1 - Bradenton 0 |
BOTTOM OF THE 7TH |
Bradenton Marauders batting - Pitching for Lake Elsinore Storm : RHP Liam Tate
|
Pitching: RHP Eric Busby
|
|
Batting: RHB John Goynes
|
0-0: Called Strike 0-1: Called Strike 0-2: Ball 1-2: Ball 2-2: SINGLE (Line Drive, 3D, EV 104.4 MPH)
|
Pinch Hitting: LHB Donald Imre
|
0-0: Bunted foul 0-1: Called Strike 0-2: Ball 1-2: Foul Ball, location: 2F 1-2: Ball 2-2: Fly out, F8 (Flyball, 8RXD, EV 102.5 MPH)
|
Batting: RHB Pleun Smit
|
0-0: Ball 1-0: Grounds into double play, 6-4-3 (Groundball, 6S, EV 85.6 MPH)
|
Bottom of the 7th over - 0 runs, 1 hit, 0 errors, 0 left on base; Lake Elsinore 1 - Bradenton 0 |
TOP OF THE 8TH |
Lake Elsinore Storm batting - Pitching for Bradenton Marauders : LHP Grady Hebert
|
Pitching: RHP Steve Kane
|
|
Now at 1B: Aito Harada
|
|
Batting: LHB Conor Barron
|
0-0: Ball 1-0: Swinging Strike 1-1: Foul Ball, location: 2F 1-2: Ball 2-2: Foul Ball, location: 2F 2-2: Strikes out looking
|
Batting: LHB Ramon Vega
|
0-0: Ball 1-0: Ball 2-0: Foul Ball, location: 2F 2-1: Ball 3-1: Base on Balls
|
Batting: SHB Yutaro Takahashi
|
0-0: Called Strike Ramon Vega is caught stealing 2nd base 2-6 0-1: Called Strike 0-2: Ball 1-2: Fly out, F6 (Popup, 6, EV 83.8 MPH)
|
Top of the 8th over - 0 runs, 0 hits, 0 errors, 0 left on base; Lake Elsinore 1 - Bradenton 0 |
BOTTOM OF THE 8TH |
Bradenton Marauders batting - Pitching for Lake Elsinore Storm : RHP Eric Busby
|
Pinch Hitting: RHB Keiji Nakajima
|
0-0: Foul Ball, location: 2F 0-1: Swinging Strike 0-2: Ground out 6-3 (Groundball, 6, EV 81.2 MPH)
|
Batting: LHB Joe Hoover
|
0-0: Called Strike 0-1: Called Strike 0-2: Foul Ball, location: 2F 0-2: Strikes out swinging
|
Batting: LHB Carlos Vega
|
0-0: Called Strike 0-1: Swinging Strike 0-2: Strikes out swinging
|
Bottom of the 8th over - 0 runs, 0 hits, 0 errors, 0 left on base; Lake Elsinore 1 - Bradenton 0 |
TOP OF THE 9TH |
Lake Elsinore Storm batting - Pitching for Bradenton Marauders : RHP Steve Kane
|
Now at 3B: Pleun Smit
|
|
Now at SS: Keiji Nakajima
|
|
Batting: RHB Bryan Pitcher
|
0-0: Foul Ball, location: 2F 0-1: Fly out, F3 (Popup, 3F, EV 65.6 MPH)
|
Batting: RHB Hector Fernandez
|
0-0: Swinging Strike 0-1: Called Strike 0-2: Ball 1-2: Ball 2-2: Ground out 6-3 (Groundball, 6, EV 89.4 MPH)
|
Batting: LHB Hugo MacBeth
|
0-0: Called Strike 0-1: Foul Ball, location: 2F 0-2: Ball 1-2: Strikes out looking
|
Top of the 9th over - 0 runs, 0 hits, 0 errors, 0 left on base; Lake Elsinore 1 - Bradenton 0 |
BOTTOM OF THE 9TH |
Bradenton Marauders batting - Pitching for Lake Elsinore Storm : RHP Eric Busby
|
Pitching: LHP Ismael Diaz
|
|
Batting: RHB Zach Chmieleski
|
0-0: Called Strike 0-1: Ball 1-1: Ball 2-1: Foul Ball, location: 2F 2-2: Ball 3-2: Foul Ball, location: 2F 3-2: Base on Balls
|
Batting: RHB Ron Corn
|
0-0: Foul Ball, location: 2F 0-1: Ball 1-1: Foul Ball, location: 2F 1-2: Strikes out swinging
|
Pinch Hitting: RHB Freddy Quintero
|
0-0: Ball 1-0: Ball 2-0: Foul Ball, location: 2F 2-1: Ball 3-1: Swinging Strike 3-2: Strikes out swinging
|
Batting: RHB John Goynes
|
0-0: Ball 1-0: Ball 2-0: Swinging Strike 2-1: Ball 3-1: Base on Balls Zach Chmieleski to second
|
Pinch Runner at 2nd Jordan Robinson:
|
|
Pinch Hitting: RHB Chris Arroyo
|
0-0: Fielders Choice at 2nd, 6-4 (Groundball, 6, EV 78.8 MPH)
|
Bottom of the 9th over - 0 runs, 0 hits, 0 errors, 2 left on base; Lake Elsinore 1 - Bradenton 0 |
|